 Dungeon Crawl Stone Soup version 0.25.0-11-g1f837a76a1 (webtiles) character file.

Game seed: 72180852656057130

8 mortelune the Caller (level 2, 0/19 HPs)
             Began as a Barachi Summoner on June 27, 2020.
             Slain by a hobgoblin (4 damage)
             ... on level 1 of the Dungeon.
             The game lasted 00:01:26 (418 turns).

mortelune the Caller (Barachi Summoner)              Turns: 418, Time: 00:01:27

Health: 0/19       AC:  3    Str:  9    XL:     2   Next: 8%
Magic:  1/5        EV: 12    Int: 15    God:
Gold:   26         SH:  0    Dex: 12    Spells: 2/5 levels left

rFire    . . .     SeeInvis .   b - +0 dagger
rCold    . . .     Gourm    .   (no shield)
rNeg     . . .     Faith    .   a - +0 robe
rPois    .         Spirit   .   (no helmet)
rElec    .         Reflect  .   (no cloak)
rCorr    +         Harm     .   e - +0 pair of gloves
MR       .....                  (no boots)
Stlth    ++........             (no amulet)
HPRegen  0.06/turn              C - ring of resist corrosion (curse)
MPRegen  0.09/turn              (no ring)

@: slow
A: +LOS, swims, slowness 1, strong legs 1
a: Hop


You were on level 1 of the Dungeon.
You were not hungry.

You visited 1 branch of the dungeon, and saw 1 of its levels.

You collected 26 gold pieces.

Inventory:

Hand Weapons
 b - a +0 dagger (weapon)
Armour
 a - a +0 robe (worn)
 e - a +0 pair of gloves (worn)
Jewellery
 C - a cursed ring of resist corrosion (left hand)
Potions
 d - a potion of heal wounds {unknown}
Comestibles
 c - a ration
 f - 8 chunks of flesh


   Skills:
 - Level 2.1 Dodging
 - Level 1.7 Stealth
 + Level 2.4 Spellcasting
 * Level 5.2 Summonings


You had 2 spell levels left.
You knew the following spells:

 Your Spells              Type           Power        Failure   Level  Hunger
a - Summon Small Mammal   Summ           ###.         2%          1    #......
b - Call Imp              Summ           ###.....     3%          2    ###....

Your spell library contained the following spells:

 Spells                   Type           Power        Failure   Level  Hunger
 Call Canine Familiar     Summ           ###.....     8%          3    ###....
 Summon Guardian Golem    Hex/Summ       #.......     22%         3    ###....
 Summon Ice Beast         Ice/Summ       #.......     58%         4    #####..
 Summon Lightning Spire   Summ/Air       #.......     58%         4    #####..


Dungeon Overview and Level Annotations

Branches:
Dungeon (1/15)

Altars:


Innate Abilities, Weirdness & Mutations

You can be seen from farther away. (+LOS)
You can swim through water.
You cover ground slowly.
You can hop short distances.


Message History

Casting: Call Imp (safe; 3% risk of failure)
Confirm with . or Enter, or press ? or * to list all spells.
A beastly little devil appears in a puff of flame.
The hobgoblin closely misses you. x2; Your crimson imp hits the hobgoblin.
You hit the hobgoblin.
The hobgoblin is severely wounded.
The hobgoblin hits you with a +0 club. The hobgoblin hits you.
Your crimson imp misses the hobgoblin.
Your crimson imp blinks!
You completely miss the hobgoblin.
The hobgoblin is severely wounded.
The hobgoblin barely misses you. The hobgoblin completely misses you.
Your crimson imp hits the hobgoblin.
Your crimson imp barely misses the hobgoblin.
You hit the hobgoblin but do no damage.
The hobgoblin is severely wounded.
The hobgoblin hits you with a +0 club.
* * * LOW HITPOINT WARNING * * *
The hobgoblin hits you.
You die...

#....... # #.....#.
#. ####.... #. #.#).
#. #### ####.#.. #.#
#.. #....#.. #.. #.#
#.######
#5##.#######....#..
##.@....##.......#÷#
#.gg###.##.##.##.#÷#
#..5..#
#....##.##....
###...#
#.#####.######
.........# #.######
#######.###
###....... #..
....8...÷. ...
##........ ...
#........


You could see 2 hobgoblins and 2 friendly crimson imps.

Vanquished Creatures
  A bat (D:1)
  A giant cockroach (D:1)
  A frilled lizard (D:1)
  A kobold (D:1)
  A rat (D:1)
5 creatures vanquished.

Vanquished Creatures (collateral kills)
  A leopard gecko (D:1)
  A giant cockroach (D:1)
  A goblin (D:1)
3 creatures vanquished.

Grand Total: 8 creatures vanquished

Notes
Turn   | Place    | Note
-------+----------+-------------------------------------------
     0 | D:1      | mortelune the Barachi Summoner began the quest for the Orb.
     0 | D:1      | Reached XP level 1. HP: 13/13 MP: 3/3
   287 | D:1      | Reached skill level 5 in Summonings
   329 | D:1      | Reached XP level 2. HP: 16/19 MP: 3/5
   339 | D:1      | Learned a level 2 spell: Call Imp
   418 | D:1      | Slain by a hobgoblin

Illustrated notes

Levels and vault maps discovered:
D:1:      grunt_arrival_lava_bath, layout_loops_ring, st_stairs_1

Skill      XL: |  1 |
---------------+----+-----
Summonings     | 5 |  5.2
Dodging        | |  2.1
Stealth        | |  1.7
Spellcasting   | |  2.4

Action                   || total
-------------------------++-------
Melee: Dagger            ||    31
 Cast: Summon Small Mamm ||     4
       Call Imp          ||     2
 Abil: Hop               ||     2
Armor: Robe              ||    12
Dodge: Dodged            ||    24
